 Dungeon Crawl Stone Soup version 0.24-a0-201-gf205589 (console) character file.

Game seed: 629467296844647927

2799 bli the Magician (level 9, -7/75 HPs)
             Began as a Red Draconian Fire Elementalist on Mar 24, 2019.
             Was a Believer of Qazlal.
             Killed by divine providence
             ... invoked by an orc priest
              (13 damage)
             ... on level 7 of the Dungeon.
             The game lasted 00:31:24 (5114 turns).

bli the Magician (Red Draconian Fire Elementalist)  Turns: 5114, Time: 00:31:25

Health: -7/75      AC:  8    Str: 11    XL:     9   Next: 43%
Magic:  32/37      EV: 14    Int: 16    God:    Qazlal [**....]
Gold:   400        SH:  6    Dex: 14    Spells: 16/21 levels left

rFire    + . .     SeeInvis .   a - +0 morningstar (protect)
rCold    . . .     Gourm    .   (no shield)
rNeg     . . .     Faith    .   (armour unavailable)
rPois    .         Spirit   .   (helmet restricted)
rElec    .         Reflect  +   x - scarf {repulsion}
rCorr    .         Harm     .   n - +0 pair of gloves
MR       .....                  (no boots)
Stlth    ++........             A - +3 amulet of reflection
HPRegen  0.22/turn              E - ring of magical power
MPRegen  0.25/turn              v - ring of magical power

@: repel missiles
A: breathe fire, unfitting armour, fire resistance 1, cold-blooded, AC +7
a: Breathe Fire, Upheaval, Renounce Religion


You were on level 7 of the Dungeon.
You worshipped Qazlal.
Qazlal was pleased with you.
You were not hungry.

You visited 1 branch of the dungeon, and saw 8 of its levels.
You also visited: Sewer.

You collected 400 gold pieces.

Inventory:

Hand Weapons
 a - a +0 morningstar of protection (weapon)
 b - a +2 flail of holy wrath
 d - a +0 dagger of freezing
 w - a +0 short sword of speed
 B - a +0 hunting sling
 M - a +2 short sword of draining
 Q - a +2 dagger of venom
Missiles
 c - 37 sling bullets
 f - 48 poisoned needles
 j - 189 stones (quivered)
 G - 2 tomahawks of returning
 K - 9 tomahawks
 T - 8 poisoned tomahawks
Armour
 h - a +0 shield
 n - a +0 pair of gloves (worn)
 x - a scarf of repulsion (worn)
 z - a +2 cloak
 S - a cursed -1 large shield
Magical Staves
 U - a cursed staff of energy
Jewellery
 v - a ring of magical power (right hand)
 A - a +3 amulet of reflection (around neck)
 E - a ring of magical power (left hand)
 L - an uncursed ring of stealth
 V - an uncursed amulet of harm {unknown}
Wands
 F - a wand of scattershot (7)
 J - a wand of random effects (13)
Scrolls
 e - 11 scrolls of identify {unknown}
 l - 5 scrolls of teleportation {unknown}
 m - 5 scrolls of remove curse {unknown}
 r - a scroll of fear {unknown}
 y - 3 scrolls of enchant weapon {unknown}
 C - 3 scrolls of enchant armour {unknown}
 I - 2 scrolls of amnesia {unknown}
 N - a scroll of blinking {unknown}
Potions
 i - a potion of magic {unknown}
 k - 5 potions of curing {unknown}
 o - 3 potions of cancellation {unknown}
 p - 4 potions of resistance {unknown}
 q - 3 potions of lignification {unknown}
 s - 3 potions of haste {unknown}
 t - a potion of degeneration {unknown}
 u - a potion of berserk rage {unknown}
 D - a potion of brilliance {unknown}
 H - a potion of mutation {unknown}
 O - 3 potions of invisibility {unknown}
 R - a potion of heal wounds {unknown}
Comestibles
 g - 9 chunks of flesh
 P - 16 rations


   Skills:
 * Level 5.7 Fighting
 + Level 5.0 Maces & Flails
 + Level 4.2 Dodging
 - Level 1.7 Stealth
 + Level 6.8 Spellcasting
 + Level 4.6 Conjurations
 + Level 6.6 Fire Magic


You had 16 spell levels left.
You knew the following spells:

 Your Spells              Type           Power        Failure   Level  Hunger
a - Flame Tongue          Conj/Fire      ###..        1%          1    None
s - Sticky Flame          Conj/Fire      ###.....     12%         4    ####...

Your spell library contained the following spells:

 Spells                   Type           Power        Failure   Level  Hunger
 Throw Flame              Conj/Fire      ###...       1%          2    None
 Conjure Flame            Conj/Fire      ###.....     3%          3    ##.....
 Inner Flame              Hex/Fire       ###.....     10%         3    ##.....
 Fireball                 Conj/Fire      ###.......   34%         5    #####..


Dungeon Overview and Level Annotations

Branches:
Dungeon (8/15)             Temple (0/1) D:4
   Lair: D:8-11

Altars:
Hepliaklqana
Kikubaaqudgha
Nemelex Xobeh
Qazlal
Sif Muna
Zin
The Shining One

Shops:
D:7 }


Innate Abilities, Weirdness & Mutations

You can breathe blasts of fire.
Your fiery red scales are hard. (AC +7)
You cannot fit into any form of body armour.
Your flesh is heat resistant. (rF+)
You are cold-blooded and may be slowed by cold attacks.


Message History

The leopard gecko bites you.
* * * LOW HITPOINT WARNING * * *
The leopard gecko bites you but does no damage.
You closely miss the leopard gecko.
The leopard gecko is lightly wounded.
The hound misses you. You block the leopard gecko's attack.
You miss the leopard gecko.
The leopard gecko is lightly wounded.
The hound closely misses you.
A bullfrog comes into view.
The leopard gecko closely misses you. The hound misses you.
The leopard gecko misses you. The hound closely misses you.
The iguana closely misses you. You block the hound's attack.
The leopard gecko bites you but does no damage.
You climb upwards.
The orc hits you with a +0 hand axe.
* * * LOW HITPOINT WARNING * * *
The orc hits you with a +0 hand axe.
* * * LOW HITPOINT WARNING * * *
The orc priest invokes the aid of Beogh against you.
Beogh smites you!
You die...

### #.# #.# ###.##
#..... #.#... #[#...
#############.#.##
#lo...............
#@l...............
#####h#############..#
.. ...#†# ... #...
..####'#'##.# #...
........o...# ###.
............# #...
.>........o## #...
...........# . ####
...........# ...
......
..........)#.....
..####
...........'...<..


You could see an iguana, a hound, an orc priest, an orc and a leopard gecko.

Vanquished Creatures
  Harold (D:7)
  Prince Ribbit (D:6)
  Edmund (D:5)
  Menkaure (D:6)
  An ice beast (D:7)
  An orc warrior (D:7)
  Purgy (Sewer)
  A sky beast (D:6)
  A necrophage (D:7)
  3 ogres
  A centaur (D:3)
  Blork the orc (D:4)
  A scorpion (D:6)
  3 howler monkeys (D:7)
  A crimson imp (D:7)
  A hound (D:6)
  A jelly (D:3)
  An orc priest (D:7)
  4 worker ants
  2 orc wizards (D:6)
  Ijyb (D:4)
  A howler monkey zombie (D:7)
  8 gnolls
  8 adders
  2 shadow imps
  An adder zombie (D:6)
  4 worms
  2 dart slugs (D:1)
  6 leopard geckos
  21 orcs
  2 ball pythons
  11 bats
  11 giant cockroaches
  4 goblins
  3 hobgoblins
  5 jackals
  3 kobolds
  A quokka (D:7)
  5 frilled lizards
  8 rats
135 creatures vanquished.

Notes
Turn   | Place    | Note
-------+----------+-------------------------------------------
     0 | D:1      | bli the Draconian Fire Elementalist began the quest for the
                  | Orb.
     0 | D:1      | Reached XP level 1. HP: 14/14 MP: 3/3
   207 | D:1      | Reached XP level 2. HP: 20/20 MP: 3/5
   602 | D:1      | Reached XP level 3. HP: 26/26 MP: 3/7
  1692 | D:3      | Found a stormy altar of Qazlal.
  1704 | D:3      | Became a worshipper of Qazlal Stormbringer
  1707 | D:3      | Found a deep blue altar of Sif Muna.
  1758 | D:3      | Reached XP level 4. HP: 33/33 MP: 5/10
  1949 | D:3      | Reached XP level 5. HP: 24/39 MP: 1/11
  2207 | D:3      | Noticed a centaur
  2218 | D:3      | Killed a centaur
  2218 | D:3      | Reached skill level 1 in Fighting
  2314 | D:3      | Learned a level 4 spell: Sticky Flame
  2426 | D:4      | Reached * piety under Qazlal
  2649 | D:4      | Reached XP level 6. HP: 48/48 MP: 13/13
  2673 | D:4      | Reached skill level 5 in Spellcasting
  2684 | D:4      | Noticed Ijyb
  2693 | D:4      | Killed Ijyb
  2814 | D:4      | Noticed Blork the orc
  2832 | D:4      | Killed Blork the orc
  2855 | D:4      | Found a staircase to the Ecumenical Temple.
  3026 | D:5      | Entered Level 5 of the Dungeon
  3076 | D:5      | Your scales start taking on a fiery red colour.
  3076 | D:5      | Reached XP level 7. HP: 56/56 MP: 15/15
  3076 | D:5      | Gained mutation: Your flesh is heat resistant. (rF+) [Red
                  | Draconian growth]
  3084 | D:5      | Reached skill level 5 in Fire Magic
  3440 | D:5      | Found a sparkling altar of Nemelex Xobeh.
  3487 | D:5      | Reached ** piety under Qazlal
  3570 | D:5      | Noticed Edmund
  3577 | D:5      | Killed Edmund
  3836 | D:6      | Found a glowing drain.
  3863 | Sewer    | Entered a sewer
  4131 | Sewer    | Noticed Purgy
  4143 | Sewer    | Killed Purgy
  4143 | Sewer    | Reached skill level 1 in Maces & Flails
  4143 | Sewer    | Reached XP level 8. HP: 64/66 MP: 16/16
  4264 | D:6      | Found a glowing silver altar of Zin.
  4414 | D:6      | Noticed Menkaure
  4472 | D:6      | Killed Menkaure
  4500 | D:6      | Found an ancient bone altar of Kikubaaqudgha.
  4500 | D:6      | Found a hazy altar of Hepliaklqana.
  4529 | D:6      | Found a glowing golden altar of the Shining One.
  4557 | D:6      | Noticed Prince Ribbit
  4564 | D:6      | Killed Prince Ribbit
  4796 | D:7      | Found Doas's Gadget Shoppe.
  4874 | D:7      | Reached skill level 5 in Fighting
  4920 | D:7      | Reached XP level 9. HP: 60/74 MP: 18/18
  5046 | D:7      | Noticed Harold
  5064 | D:7      | Killed Harold
  5097 | D:7      | Reached skill level 5 in Maces & Flails
  5114 | D:7      | Killed from afar by an orc priest

Levels and vault maps discovered:
D:1:      lightli_arrival_statue_moat, layout_basic
D:2:      layout_basic, feat_on_display
D:3:      layout_basic, minitemple
D:4:      layout_loops_ring, temple_hall, uniq_blork_the_orc, uniq_ijyb
D:5:      layout_basic, nemelex_xobeh_ov_fountains_minmay, first_ration,
          serial_bayou_ford_a, kennysheep_generic_room_7, uniq_edmund
D:6:      layout_cave_pools, kennysheep_little_box,
          chequers_temple_overflow_statue_of_worship,
          cheibrodos_sewer_entry_sluice, uniq_menkaure, uniq_prince_ribbit1
D:7:      layout_basic, serial_shops, nicolae_shop_trees,
          nicolae_gozag_cash_rules_everything_around_me, uniq_joseph,
          uniq_harold, uniq_duvessa
D:8:      layout_basic, yredelemnul_altar_generic, uniq_erica
Sewer:    sewer_big_baddie

Skill      XL: |  1  2  3  4  5  6  7  8  9 |
---------------+----------------------------+-----
Spellcasting   | 3 4 5 6 |  6.8
Fighting       | 1 2 3 5 |  5.7
Dodging        | 2 3 4 |  4.2
Conjurations   | 2 3 4 |  4.6
Fire Magic     | 4 5 6 |  6.6
Maces & Flails | 1 3 5 |  5.0
Stealth        | |  1.7

Action                   |  1- 3 |  4- 6 |  7- 9 || total
-------------------------+-------+-------+-------++-------
Melee: Unarmed           |    59 |       |       ||    59
       Tailslap          |     5 |     8 |    15 ||    28
       Short sword       |     4 |    70 |       ||    74
       Spear             |     1 |       |       ||     1
       Morningstar       |       |    30 |   139 ||   169
       Flail             |       |       |     9 ||     9
Throw: Stone             |       |     5 |     3 ||     8
 Cast: Flame Tongue      |    50 |    53 |    77 ||   180
       Sticky Flame      |       |     1 |    13 ||    14
 Stab: Sleeping          |     1 |     3 |       ||     4
  Eat: Chunk             |     2 |     5 |    10 ||    17
Armor: Skin              |    26 |    30 |    76 ||   132
Dodge: Dodged            |    54 |    63 |   125 ||   242
       Deflected         |       |     5 |     3 ||     8
Block: Other             |       |    12 |    56 ||    68
       Reflection        |       |     2 |     1 ||     3

Table legend:
 A = Non-vault XP
 B = Vault XP
 C = Vault XP percentage of total XP
 D = Non-vault monster count
 E = Vault monster count
 F = Vault count percentage of total count
                 A         B        C        D         E       F
            +---------+---------+-------+---------+---------+-------
      Total |    2078 |    1921 |  48.0 |     120 |      15 |  11.1
            +---------+---------+-------+---------+---------+-------
        D:1 |      49 |       0 |   0.0 |      25 |       0 |   0.0
        D:2 |      41 |       0 |   0.0 |       9 |       0 |   0.0
        D:3 |     246 |       0 |   0.0 |      19 |       0 |   0.0
        D:4 |     236 |     135 |  36.4 |      14 |       2 |  12.5
        D:5 |     350 |     174 |  33.2 |      16 |       2 |  11.1
        D:6 |     392 |     458 |  53.9 |      14 |       4 |  22.2
        D:7 |     764 |    1013 |  57.0 |      23 |       1 |   4.2
      Sewer |       0 |     141 | 100.0 |       0 |       6 | 100.0
            +---------+---------+-------+---------+---------+-------
